[Event "Titled Tuesday Blitz November 08 Early 2022"]
[White "Hasangatin, Ramil"]
[Black "Orzech, Dominik"]
[WhiteFideId "4122160"]
[BlackFideId "1115065"]
[WhiteElo "2362"]
[BlackElo "2272"]
[Result "1-0"]
[Round "07"]
[TimeControl "180+1"]
[Date "2022.11.09"]
[WhiteClock "0:01:21"]
[BlackClock "0:00:19"]

1. e4 c6 2. Nf3 d5 3. d3 Bg4 4. h3 Bxf3 5. Qxf3 e6 6. g3 Nd7 7. Bg2 Ngf6 8. O-O g6 9. exd5 cxd5 10. c4 Bg7 11. Nc3 Ne5 12. Qe2 Nc6 13. cxd5 Nd4 14. Qe5 Nh5 15. Qe4 f5 16. Qe3 O-O 17. dxe6 Re8 18. Bxb7 Nc2 19. Qf3 Nxa1 20. e7 Qb8 21. Qd5+ Kh8 22. Bxa8 Qxa8 23. Qxa8 Rxa8 24. Nd5 Nf6 25. Nc7 Rc8 26. Bg5 Ne8 27. Nxe8 Rxe8 28. Rxa1 h6 29. Be3 Rxe7 30. d4 Rc7 31. d5 Bxb2 32. d6 Rd7 33. Rd1 Be5 34. Bxh6 Rxd6 35. Rxd6 Bxd6 36. Be3 a6 37. Kf1 Kg7 38. Ke2 Kf6 39. Kd3 Ke6 40. Kc4 Be7 41. Bc5 Bd8 42. Bd4 g5 43. Be3 Ke5 44. f3 Kd6 45. Bc5+ Ke5 46. Bd4+ Kd6 47. f4 gxf4 48. gxf4 Kc6 49. Bf2 Bc7 50. Bg3 Bd6 51. h4 Bc7 52. h5 Bd8 53. h6 Bf6 54. h7 Kd6 55. Bf2 Ke6 56. Bd4 1-0


[Site "https://www.chess.com"]

[Event "Titled Tuesday Blitz November 08 Early 2022"]
[White "Hernandez Gonzalez, William"]
[Black "Reprintsev, Alexander"]
[WhiteFideId "3509915"]
[BlackFideId "14100541"]
[WhiteElo "2374"]
[BlackElo "2230"]
[Result "1-0"]
[Round "07"]
[TimeControl "180+1"]
[Date "2022.11.09"]
[WhiteClock "0:00:20"]
[BlackClock "0:00:09"]

1. e4 d5 2. exd5 Qxd5 3. Nf3 Bg4 4. Be2 Nc6 5. Nc3 Qd7 6. h3 Bf5 7. g4 Bg6 8. Nh4 O-O-O 9. d3 Nf6 10. Be3 e5 11. a3 Nd4 12. Bf3 Bc5 13. Bg2 c6 14. Qd2 Rhe8 15. Nxg6 hxg6 16. O-O-O Kb8 17. Kb1 Nd5 18. Nxd5 cxd5 19. Rhe1 f6 20. f4 Rc8 21. Qf2 Nxc2 22. Bxc5 Nxe1 23. Rxe1 d4 24. Bb4 Qc7 25. fxe5 Rxe5 26. Rxe5 Qxe5 27. Be4 g5 28. Be1 a6 29. Qg2 Qb5 30. Bg3+ Ka8 31. Qd2 Qc5 32. Bf2 Rd8 33. Bg1 Ka7 34. Bf2 Rd7 35. Qd1 Rd6 36. Qa4 Qe5 37. Qc4 Rd7 38. a4 a5 39. Qb3 Qd6 40. Qb5 Qb6 41. Qxd7 1-0


[Site "https://www.chess.com"]

[Event "Titled Tuesday Blitz November 08 Early 2022"]
[White "Hon, Eric"]
[Black "Troltenier, Dirk"]
[WhiteFideId "2097117"]
[BlackFideId "4606400"]
[WhiteElo "1918"]
[BlackElo "2309"]
[Result "0-1"]
[Round "07"]
[TimeControl "180+1"]
[Date "2022.11.09"]
[WhiteClock "0:00:56"]
[BlackClock "0:00:11"]

1. e4 e5 2. Nf3 d6 3. d4 exd4 4. Nxd4 Nf6 5. Nc3 Be7 6. Be2 O-O 7. O-O Re8 8. Be3 Bf8 9. f4 Nxe4 10. Nxe4 Rxe4 11. Qd3 d5 12. f5 c5 13. f6 cxd4 14. Bxd4 Nc6 15. fxg7 Bd6 16. Bf6 Qb6+ 17. Kh1 Be6 18. Bf3 Ne5 19. Bxe5 Rxe5 20. Rad1 Qe3 21. Qxe3 Rxe3 22. Bxd5 Bxd5 23. Rxd5 Be7 24. Rd7 Rb8 25. g3 Kxg7 26. Rf2 Re6 27. Kg2 Kf8 28. c4 Ke8 29. Rfd2 Rd8 30. Rxd8+ Bxd8 31. Kf3 Bc7 32. b3 Ke7 33. h3 Kf6 34. g4 Rd6 35. Re2 Rd3+ 36. Ke4 Rxh3 37. Rf2+ Ke6 38. g5 Rg3 39. Rf6+ Ke7 0-1


[Site "https://www.chess.com"]

[Event "Titled Tuesday Blitz November 08 Early 2022"]
[White "Janaszak, Dawid"]
[Black "Fawzy, Adham"]
[WhiteFideId "1119206"]
[BlackFideId "10613129"]
[WhiteElo "2226"]
[BlackElo "2541"]
[Result "1/2-1/2"]
[Round "07"]
[TimeControl "180+1"]
[Date "2022.11.09"]
[WhiteClock "0:01:09"]
[BlackClock "0:00:10"]

1. e4 c5 2. Nc3 d6 3. d4 cxd4 4. Qxd4 Nc6 5. Qd2 g6 6. b3 Bh6 7. f4 Nf6 8. Bb2 O-O 9. O-O-O e5 10. g3 Re8 11. Kb1 Nd4 12. Nge2 Bg4 13. Bg2 Bg7 14. h3 Bxe2 15. Nxe2 Nxe2 16. Qxe2 exf4 17. gxf4 Nh5 18. Bxg7 Kxg7 19. Qd2 Qf6 20. Rhf1 Rad8 21. Qd4 Ng3 22. Rfe1 Qxd4 23. Rxd4 Nf5 24. Rdd1 Nh4 25. Bh1 b6 26. c4 f5 27. Kb2 fxe4 28. Bxe4 Kf6 29. Bc6 Rxe1 30. Rxe1 Nf5 31. Kc3 Rc8 32. Bd5 Ng7 33. b4 Re8 34. Rd1 Nf5 35. Rd3 Re3 36. a4 Rxd3+ 37. Kxd3 Ke7 38. Ke4 Ng3+ 39. Kf3 Nf5 40. Ke4 Ng3+ 41. Kf3 Nf5 42. Ke4 1/2-1/2


[Site "https://www.chess.com"]

[Event "Titled Tuesday Blitz November 08 Early 2022"]
[White "Jaskolka, Tomasz"]
[Black "Barash, Anton"]
[WhiteFideId "1170791"]
[BlackFideId "30935229"]
[WhiteElo "2126"]
[BlackElo "2267"]
[Result "1-0"]
[Round "07"]
[TimeControl "180+1"]
[Date "2022.11.09"]
[WhiteClock "0:00:12"]
[BlackClock "0:00:03"]

1. e4 e6 2. d4 d5 3. Nd2 Nc6 4. c3 e5 5. exd5 Qxd5 6. Bc4 Qxg2 7. Qf3 Qxf3 8. Ngxf3 exd4 9. cxd4 Bg4 10. Rg1 Bxf3 11. Nxf3 O-O-O 12. Bxf7 Nxd4 13. Nxd4 Rxd4 14. Be6+ Kb8 15. Be3 Rd8 16. Bc4 Nf6 17. Ke2 g6 18. f4 Bh6 19. Rad1 Rhe8 20. Rxd8+ Rxd8 21. Kf3 Nd5 22. Bc1 c6 23. Re1 Kc7 24. Kg4 Rd7 25. h4 Rf7 26. Re4 Nf6+ 27. Kf3 Nxe4 28. Bxf7 Nf6 29. Be3 Bg7 30. Bd4 Ne8 31. Bxa7 Nd6 32. Bg8 b6 33. Bxh7 Kb7 34. Bxb6 Kxb6 35. b3 Nb5 36. Bxg6 Nc3 37. a4 Kc5 38. Bf7 Kb4 39. Kg4 Nd5 40. Kg5 Kxb3 41. a5 Kb4 42. Bxd5 cxd5 43. a6 Bd4 44. f5 Kb5 45. f6 Bxf6+ 46. Kxf6 Kxa6 47. Ke5 1-0


[Site "https://www.chess.com"]

[Event "Titled Tuesday Blitz November 08 Early 2022"]
[White "Jean Louis, Marckens"]
[Black "Orozbaev, Eldiar"]
[WhiteFideId "11900270"]
[BlackFideId "13802240"]
[WhiteElo "2030"]
[BlackElo "2244"]
[Result "0-1"]
[Round "07"]
[TimeControl "180+1"]
[Date "2022.11.09"]
[WhiteClock "0:01:56"]
[BlackClock "0:01:50"]

1. d4 Nf6 2. Nf3 c5 3. g3 cxd4 4. Nxd4 e5 5. Nf3 Nc6 6. Bg2 d5 7. O-O e4 8. Nd4 Bc5 9. Nxc6 bxc6 10. c4 O-O 11. Nc3 Bb4 12. Bg5 Bxc3 13. bxc3 Be6 14. cxd5 cxd5 15. Qd4 Rc8 16. Rfd1 Qe7 17. e3 h6 18. Bxf6 Qxf6 19. Qxa7 Rxc3 20. a3 Rc2 21. Rf1 Rxf2 22. Rxf2 Qxa1+ 23. Rf1 Qc3 24. a4 Qc6 25. Rb1 Kh7 26. a5 Ra8 27. Qb6 Qa4 28. Rb5 Qd1+ 29. Kf2 Qd2+ 30. Kg1 Qe1+ 0-1


[Site "https://www.chess.com"]

[Event "Titled Tuesday Blitz November 08 Early 2022"]
[White "Jegorovas, Aleksandras"]
[Black "Rose, Felix"]
[WhiteFideId "12801950"]
[BlackFideId "5105722"]
[WhiteElo "2247"]
[BlackElo "2039"]
[Result "1-0"]
[Round "07"]
[TimeControl "180+1"]
[Date "2022.11.09"]
[WhiteClock "0:01:02"]
[BlackClock "0:00:13"]

1. d4 d5 2. c4 e6 3. Nf3 Nf6 4. g3 dxc4 5. Bg2 a6 6. O-O Nc6 7. Qc2 Rb8 8. Qxc4 Bd7 9. Nc3 Bd6 10. e4 e5 11. dxe5 Nxe5 12. Nxe5 Bxe5 13. f4 b5 14. Qe2 Bd4+ 15. Be3 Bg4 16. Qe1 O-O 17. e5 Bxc3 18. bxc3 Nd5 19. Bc5 Re8 20. h3 Bc8 21. Rd1 Bb7 22. Qd2 c6 23. Bd6 Rc8 24. f5 Qb6+ 25. Kh2 Ne3 26. f6 Nxf1+ 27. Rxf1 c5 28. Qg5 g6 29. Qh6 1-0


[Site "https://www.chess.com"]

[Event "Titled Tuesday Blitz November 08 Early 2022"]
[White "Jiganchine, Roman"]
[Black "Antonova, Nadezhda"]
[WhiteFideId "2603667"]
[BlackFideId "14700182"]
[WhiteElo "2340"]
[BlackElo "1813"]
[Result "0-1"]
[Round "07"]
[TimeControl "180+1"]
[Date "2022.11.09"]
[WhiteClock "0:00:04"]
[BlackClock "0:00:05"]

1. e4 c5 2. Nf3 d6 3. Bb5+ Nd7 4. a4 Nf6 5. Nc3 a6 6. Be2 g6 7. d4 cxd4 8. Qxd4 Bg7 9. e5 dxe5 10. Nxe5 O-O 11. Nxd7 Bxd7 12. O-O Bc6 13. Qh4 Re8 14. Bh6 Bh8 15. a5 Qc7 16. Rfe1 Rad8 17. Qb4 Nd5 18. Nxd5 Bxd5 19. c3 Bc6 20. Bf4 e5 21. Be3 Qe7 22. Qxe7 Rxe7 23. Bg5 f6 24. Bc4+ Kf8 25. Be3 Red7 26. Bc5+ Kg7 27. Bb6 Re8 28. Rad1 Ree7 29. Bc5 Rxd1 30. Rxd1 Rd7 31. Rxd7+ Bxd7 32. Bd5 Bc8 33. f3 f5 34. Kf2 Kf6 35. Ke3 Bg7 36. b4 Bh6+ 37. Ke2 Bc1 38. Kd1 Bh6 39. c4 Bg5 40. b5 h5 41. Bd6 h4 42. h3 Bf4 43. bxa6 bxa6 44. c5 g5 45. c6 g4 46. hxg4 fxg4 47. Ke2 h3 48. gxh3 gxh3 49. Kf1 Kg5 50. Be7+ Kf5 51. Bd6 Kg5 52. Bf7 Kh4 53. Kg1 Kg3 54. Be8 h2+ 55. Kh1 Bh3 0-1


[Site "https://www.chess.com"]

[Event "Titled Tuesday Blitz November 08 Early 2022"]
[White "Jobava, Baadur"]
[Black "Boros, Denes"]
[WhiteFideId "13601520"]
[BlackFideId "722340"]
[WhiteElo "2582"]
[BlackElo "2464"]
[Result "0-1"]
[Round "07"]
[TimeControl "180+1"]
[Date "2022.11.08"]
[WhiteClock "0:00:06"]
[BlackClock "0:00:23"]

1. b3 b6 2. e4 e5 3. Bb2 Qe7 4. Nf3 Nc6 5. Nc3 Nf6 6. Bc4 Bb7 7. O-O O-O-O 8. Nd5 Nxd5 9. exd5 Nb4 10. Nxe5 f6 11. d6 Qxd6 12. Nf7 Qc6 13. Qg4 h5 14. Qh3 g5 15. Nxd8 Kxd8 16. d4 g4 17. d5 Nxd5 18. Qg3 Bd6 19. Qh4 Kc8 20. f3 Ne3 21. Qxf6 Rf8 22. Qc3 Bc5 23. Rf2 gxf3 24. g3 Ng4 25. Rf1 h4 26. Qg7 Nxf2 27. Rxf2 Qe4 28. Bf1 Qe3 0-1


[Site "https://www.chess.com"]

[Event "Titled Tuesday Blitz November 08 Early 2022"]
[White "Jodorcovsky Werjivker, Paulo"]
[Black "Cabezas Solano, David Alejandro"]
[WhiteFideId "3700305"]
[BlackFideId "6507522"]
[WhiteElo "2120"]
[BlackElo "2035"]
[Result "0-1"]
[Round "07"]
[TimeControl "180+1"]
[Date "2022.11.09"]
[WhiteClock "0:00:24"]
[BlackClock "0:01:55"]

1. e4 c5 2. Nc3 Nc6 3. Bb5 Nd4 4. Bc4 g6 5. Nge2 Bg7 6. Nxd4 cxd4 7. Qf3 e6 8. Nb5 d6 9. Qa3 Ke7 10. f4 a6 11. Bd3 Rb8 12. Na7 Bd7 13. e5 Qb6 14. Qxd6+ Qxd6 15. exd6+ Kxd6 16. b4 Ra8 17. Ba3 b5 0-1


[Site "https://www.chess.com"]

[Event "Titled Tuesday Blitz November 08 Early 2022"]
[White "Johnson, Ben"]
[Black "Fajdetic, Hrvoje"]
[WhiteFideId "2010917"]
[BlackFideId "14501945"]
[WhiteElo "2133"]
[BlackElo "2172"]
[Result "1-0"]
[Round "07"]
[TimeControl "180+1"]
[Date "2022.11.09"]
[WhiteClock "0:00:06"]
[BlackClock "0:00:02"]

1. Nf3 f5 2. d4 Nf6 3. g3 e6 4. Bg2 Be7 5. O-O O-O 6. c4 d6 7. Nc3 Ne4 8. Qc2 Nxc3 9. bxc3 Bf6 10. e4 e5 11. exf5 Nc6 12. d5 Na5 13. Qe4 b6 14. g4 Ba6 15. Nd2 Bg5 16. Nb3 Nxc4 17. Rd1 Bxc1 18. Raxc1 Qh4 19. Bf1 b5 20. Bxc4 bxc4 21. Nd2 h5 22. f3 g6 23. fxg6 Rf4 24. Qe1 Qxe1+ 25. Rxe1 hxg4 26. Kf2 Kg7 27. Re4 Rh8 28. Kg3 gxf3 29. Rxf4 exf4+ 30. Kxf4 Rh3 31. Nxf3 Kxg6 32. Rg1+ Kf6 33. Rg8 Bb7 34. Rf8+ Ke7 35. Rf5 c6 36. Kg4 Bc8 37. Kxh3 Bxf5+ 38. Kh4 cxd5 39. Kg5 Be4 40. Nd4 Kd7 41. h4 Kc7 42. h5 Kb6 43. h6 Ka5 44. Nf5 Bxf5 45. Kxf5 d4 46. h7 dxc3 47. h8=Q Kb4 48. Qb8+ Kc5 49. Qb1 Kd4 50. Qc2 d5 51. Ke6 a5 52. Kd6 a4 53. a3 Ke3 54. Qxc3+ 1-0


[Site "https://www.chess.com"]

[Event "Titled Tuesday Blitz November 08 Early 2022"]
[White "Joubert, Dantelle"]
[Black "Aqib Javaid Butt"]
[WhiteFideId "14310813"]
[BlackFideId "7801262"]
[WhiteElo "1507"]
[BlackElo "1659"]
[Result "0-1"]
[Round "07"]
[TimeControl "180+1"]
[Date "2022.11.09"]
[WhiteClock "0:00:39"]
[BlackClock "0:00:22"]

1. d4 Nf6 2. c4 c6 3. Nc3 d5 4. e3 e6 5. Nf3 Bb4 6. Qb3 Bxc3+ 7. Qxc3 Ne4 8. Qc2 O-O 9. Bd3 f5 10. O-O Nd7 11. Ne5 Nxe5 12. dxe5 Qh4 13. b3 Bd7 14. Ba3 Rf7 15. f3 Ng5 16. cxd5 cxd5 17. Rac1 f4 18. e4 dxe4 19. Bxe4 Nxe4 20. Qxe4 Bc6 21. Qe2 Rd7 22. Rfd1 Rad8 23. Bd6 Bd5 24. Rc3 g5 25. Rdc1 Qh5 26. b4 Qf7 27. a4 Qf5 28. a5 a6 29. Rc7 Qf7 30. R7c3 h5 31. b5 axb5 32. Qxb5 Kh7 33. Qb6 Kh6 34. Rc7 g4 35. Rxd7 Rxd7 36. Rc8 gxf3 37. Qb1 Qg7 38. Qc2 Qxg2+ 39. Qxg2 fxg2 40. Rf8 f3 41. Kf2 Rg7 42. Kg1 Rg4 43. Bc5 Rc4 44. Be3+ Kg7 45. Rf6 Ra4 46. h4 Ra1+ 47. Kh2 Rh1+ 48. Kg3 g1=Q+ 49. Bxg1 Rxg1+ 50. Kf2 Rg2+ 51. Ke3 Re2+ 52. Kd4 f2 53. Kd3 Ra2 54. Rf4 Bg2 0-1


[Site "https://www.chess.com"]

[Event "Titled Tuesday Blitz November 08 Early 2022"]
[White "Kaasen, Tor Fredrik"]
[Black "Nurmanova, Alua"]
[WhiteFideId "1516647"]
[BlackFideId "13729390"]
[WhiteElo "2345"]
[BlackElo "2120"]
[Result "1-0"]
[Round "07"]
[TimeControl "180+1"]
[Date "2022.11.09"]
[WhiteClock "0:01:16"]
[BlackClock "0:01:45"]

1. d4 Nf6 2. c4 g6 3. g3 Bg7 4. Bg2 d5 5. cxd5 Nxd5 6. e4 Nb6 7. Ne2 O-O 8. O-O Nc6 9. Be3 Nc4 10. b3 Nxe3 11. fxe3 e5 12. d5 Ne7 13. Nbc3 Bg4 14. h3 Bxe2 15. Qxe2 Nc8 16. Rac1 a6 17. Nb1 Bh6 18. Kh2 Nd6 19. Nd2 Kh8 20. Nc4 f5 21. exf5 Nxf5 22. g4 Nh4 23. Be4 Qg5 24. Rxf8+ Rxf8 25. Rf1 Rxf1 26. Qxf1 b5 27. d6 cxd6 28. Nxd6 Qxe3 29. Qf6+ 1-0


[Site "https://www.chess.com"]

[Event "Titled Tuesday Blitz November 08 Early 2022"]
[White "Kamsky, Gata"]
[Black "Koziorowicz, Michal"]
[WhiteFideId "2000024"]
[BlackFideId "21809194"]
[WhiteElo "2666"]
[BlackElo "2174"]
[Result "1-0"]
[Round "07"]
[TimeControl "180+1"]
[Date "2022.11.08"]
[WhiteClock "0:00:36"]
[BlackClock "0:00:37"]

1. e4 c5 2. Nc3 Nc6 3. Bc4 e6 4. Nf3 Nge7 5. a3 d5 6. Ba2 d4 7. Ne2 g6 8. d3 Bg7 9. h4 h6 10. Bd2 e5 11. h5 Bg4 12. Nh2 Bxe2 13. Qxe2 g5 14. Nf1 Qd7 15. Qf3 Rf8 16. g4 O-O-O 17. Ng3 Kb8 18. O-O f6 19. b4 cxb4 20. axb4 Rc8 21. b5 Nd8 22. Bc4 Nf7 23. Ra4 b6 24. Rfa1 Rc7 25. Bb4 Nd6 26. Bxd6 Qxd6 27. Nf5 Nxf5 28. exf5 Re8 29. Qe4 Bf8 30. Kg2 Qd8 31. Bd5 Ree7 32. Bc6 Qd6 33. Ra6 Qc5 34. R1a2 Rc8 35. Qf3 Rec7 36. Qd1 Qc3 37. Be4 Bb4 38. Qb1 Ba5 39. R2xa5 bxa5 40. b6 Qb4 41. bxa7+ Rxa7 42. Rb6+ Kc7 43. Rxb4 axb4 44. Qxb4 Kd7 45. Qb6 Ra2 46. Qe6+ Kd8 47. Qxa2 1-0


[Site "https://www.chess.com"]

[Event "Titled Tuesday Blitz November 08 Early 2022"]
[White "Khaliun, Batnasan"]
[Black "Omariev, Maksim"]
[WhiteFideId "4906276"]
[BlackFideId "4193423"]
[WhiteElo "1752"]
[BlackElo "2405"]
[Result "0-1"]
[Round "07"]
[TimeControl "180+1"]
[Date "2022.11.09"]
[WhiteClock "0:00:01"]
[BlackClock "0:00:16"]

1. d4 h5 2. c4 h4 3. Nc3 d6 4. e4 h3 5. Nxh3 Bxh3 6. gxh3 Nc6 7. Be3 e5 8. dxe5 dxe5 9. Qxd8+ Rxd8 10. Nd5 Kd7 11. h4 Kc8 12. a3 Nd4 13. Rc1 c6 14. Nc3 Nf3+ 15. Ke2 Nd4+ 16. Ke1 Nb3 17. Rd1 Bc5 18. Bh3+ Kc7 19. Rxd8 Kxd8 20. Bxc5 Nxc5 21. Ke2 Nb3 22. Rd1+ Nd4+ 23. Kf1 Ne7 24. b4 Rxh4 25. Kg2 Ng6 26. Bf5 Nf4+ 27. Kg1 g6 28. Na4 gxf5 29. exf5 Kc7 30. Nc5 b6 31. Nd3 Nxd3 32. Rxd3 Nxf5 33. Rf3 Nh6 34. Rf6 Rg4+ 35. Kf1 Rg6 36. Rf3 f5 37. Ke2 e4 38. Rf4 Kd6 39. Rh4 Ke5 40. h3 Rd6 41. Rh5 a5 42. c5 bxc5 43. bxc5 Rg6 44. a4 Kd4 45. f3 e3 46. f4 Ke4 47. Rh4 Rg2+ 48. Kf1 Rf2+ 49. Ke1 Ng8 50. Rh8 Nf6 51. Rf8 Nd5 52. Re8+ Kxf4 53. Rd8 Kf3 54. h4 f4 55. h5 Rh2 56. h6 Rxh6 57. Kd1 Rh2 58. Re8 Rd2+ 59. Ke1 Nc3 60. Rf8 Rd1# 0-1


[Site "https://www.chess.com"]

[Event "Titled Tuesday Blitz November 08 Early 2022"]
[White "Khamdamova, Afruza"]
[Black "Papasimakopoulos, Alexandros"]
[WhiteFideId "14210444"]
[BlackFideId "4244125"]
[WhiteElo "2018"]
[BlackElo "2365"]
[Result "1-0"]
[Round "07"]
[TimeControl "180+1"]
[Date "2022.11.09"]
[WhiteClock "0:00:19"]
[BlackClock "0:00:37"]

1. e4 e6 2. d4 d5 3. Nd2 Nf6 4. e5 Nfd7 5. f4 c5 6. c3 Nc6 7. Ndf3 cxd4 8. cxd4 a5 9. Bd3 a4 10. Ne2 a3 11. O-O g6 12. Qb3 Qa5 13. bxa3 Bxa3 14. Bd2 Bb4 15. Be3 Nb6 16. a3 Be7 17. Bd2 Qa4 18. Qxb6 O-O 19. Nc3 Qa5 20. Qxa5 Nxa5 21. Rfb1 Bd7 22. Nb5 Nc4 23. Bxc4 dxc4 24. Bc3 Bc6 25. Nd2 Rfc8 26. a4 g5 27. fxg5 Bxg5 28. Nd6 Rc7 29. N2xc4 Bd5 30. Rb4 Be7 31. Nb6 Ra5 32. Nxd5 Rxd5 33. Bb2 Bxd6 34. exd6 Rxd6 35. Rc1 Rcd7 36. Rc8+ Kg7 37. d5+ Kg6 38. dxe6 Rd1+ 39. Kf2 R7d2+ 40. Kg3 fxe6 41. Rg4+ Kh5 42. Rc5+ Rd5 43. Rxd5+ Rxd5 44. Rd4 Rg5+ 45. Kf3 Rf5+ 46. Rf4 Rd5 47. g4+ Kg6 48. Rf6+ Kg5 49. Rxe6 Rd3+ 50. Re3 Rd1 51. Re5+ Kg6 52. h4 Rd3+ 53. Ke2 Rb3 54. Rg5+ Kf7 55. Rg7+ Kf8 56. Bf6 Rb4 57. g5 Rxh4 58. Rxb7 Rxa4 59. Rxh7 Ra3 60. Rb7 Rg3 61. Kf2 Ra3 62. Be7+ Kf7 63. Bxa3+ Kg6 64. Bc1 Kh5 65. Kg3 Kg6 66. Rb6+ Kg7 67. Bb2+ Kh7 68. g6+ Kh6 69. Bc1+ Kh5 70. Kf2 Kg4 71. g7 Kf5 72. g8=Q Ke4 73. Qc4+ Kf5 74. Qf4# 1-0


[Site "https://www.chess.com"]

[Event "Titled Tuesday Blitz November 08 Early 2022"]
[White "Kodinets, Konstantin L."]
[Black "Prydun, Andriy"]
[WhiteFideId "4122011"]
[BlackFideId "14145898"]
[WhiteElo "2447"]
[BlackElo "2163"]
[Result "1/2-1/2"]
[Round "07"]
[TimeControl "180+1"]
[Date "2022.11.09"]
[WhiteClock "0:00:59"]
[BlackClock "0:00:38"]

1. d4 Nf6 2. Nf3 a6 3. Bf4 b5 4. Nbd2 Bb7 5. c3 g6 6. a4 c6 7. e4 Bg7 8. h3 O-O 9. Bd3 d6 10. O-O Nbd7 11. Qc2 Qb6 12. Bh2 Rae8 13. e5 Nd5 14. exd6 e5 15. dxe5 Nxe5 16. Nxe5 Bxe5 17. Bxe5 Rxe5 18. axb5 cxb5 19. Rfe1 Qxd6 20. Nf3 Rxe1+ 21. Rxe1 Nb6 22. Be4 Bxe4 23. Rxe4 Rd8 24. Rd4 Qe7 25. Qd3 Rxd4 26. Qxd4 Nc4 27. b3 Nd6 28. g4 Qe4 29. Qxd6 Qxf3 30. Qxa6 Qxc3 31. Qxb5 Qxh3 32. Qb8+ Kg7 33. Qe5+ Kg8 34. Qe8+ Kg7 35. Qe5+ Kf8 36. Qb8+ Ke7 37. Qc7+ Ke6 38. Qc4+ Kd6 39. b4 Qf3 40. b5 Qd1+ 41. Kg2 Qd5+ 42. Qxd5+ Kxd5 43. Kf3 Kc5 44. Kf4 f6 45. g5 fxg5+ 46. Kxg5 h5 47. f4 Kxb5 48. f5 gxf5 49. Kxf5 h4 50. Kg4 h3 51. Kxh3 1/2-1/2


[Site "https://www.chess.com"]

[Event "Titled Tuesday Blitz November 08 Early 2022"]
[White "Kohler, Aran"]
[Black "Mesa Cruz, Juan Carlos"]
[WhiteFideId "1002856"]
[BlackFideId "6423400"]
[WhiteElo "2343"]
[BlackElo "2059"]
[Result "1-0"]
[Round "07"]
[TimeControl "180+1"]
[Date "2022.11.09"]
[WhiteClock "0:01:16"]
[BlackClock "0:00:35"]

1. d4 Nf6 2. Bg5 Ne4 3. h4 c5 4. Nc3 Nxc3 5. bxc3 Qa5 6. Bd2 d5 7. e3 c4 8. h5 h6 9. e4 Nc6 10. exd5 Qxd5 11. Nf3 Bg4 12. Be2 e6 13. Rb1 b6 14. Nh4 Bxe2 15. Qxe2 Be7 16. Nf3 Bf6 17. a4 O-O-O 18. Rb5 Qd7 19. Qxc4 Kb7 20. O-O Rc8 21. Qe2 Rhe8 22. Rfb1 e5 23. d5 Ne7 24. a5 Nxd5 25. c4 Nc7 26. R5b3 Ne6 27. axb6 a6 28. Be3 e4 29. Ne1 Nd4 30. Bxd4 Qxd4 31. Re3 Qxc4 32. Qg4 Bd4 33. Qd7+ Kb8 34. Qa7# 1-0


[Site "https://www.chess.com"]

[Event "Titled Tuesday Blitz November 08 Early 2022"]
[White "Korelskiy, Egor"]
[Black "Schmidt, Tobias"]
[WhiteFideId "34329064"]
[BlackFideId "1271683"]
[WhiteElo "2043"]
[BlackElo "2328"]
[Result "0-1"]
[Round "07"]
[TimeControl "180+1"]
[Date "2022.11.09"]
[WhiteClock "0:00:01"]
[BlackClock "0:00:13"]

1. e4 e5 2. Nf3 Nf6 3. Nxe5 Nc6 4. Nxc6 dxc6 5. Nc3 Bc5 6. Be2 h5 7. d3 Ng4 8. Bxg4 hxg4 9. Qe2 Qh4 10. Be3 Bb4 11. Bd2 Be6 12. a3 Be7 13. O-O-O O-O-O 14. Be3 Bg5 15. Qd2 Bxe3 16. Qxe3 Kb8 17. Kb1 Rde8 18. Ne2 f5 19. Nc3 Rhf8 20. Rdf1 f4 21. Qd2 f3 22. g3 Qh3 23. Nd1 Rh8 24. Ne3 Qh5 25. Qc3 Qg5 26. Qd2 Rh3 27. d4 Reh8 28. d5 cxd5 29. exd5 Rd8 30. Rd1 Bc8 31. Qd4 a6 32. Qc4 Qg6 33. Qd4 Rdh8 34. Qf4 Qf6 35. Qc4 Qg6 36. Qf4 Re8 37. d6 cxd6 0-1


[Site "https://www.chess.com"]

[Event "Titled Tuesday Blitz November 08 Early 2022"]
[White "Kovalev, Vladislav"]
[Black "Streltsov, Alexey"]
[WhiteFideId "13504398"]
[BlackFideId "24104434"]
[WhiteElo "2556"]
[BlackElo "2583"]
[Result "1-0"]
[Round "07"]
[TimeControl "180+1"]
[Date "2022.11.09"]
[WhiteClock "0:01:13"]
[BlackClock "0:00:13"]

1. e4 c6 2. Nf3 d5 3. d3 dxe4 4. dxe4 Qxd1+ 5. Kxd1 Bg4 6. Be2 Nd7 7. Ne1 Bxe2+ 8. Kxe2 e5 9. Nd2 b5 10. a4 Bc5 11. Nd3 Ne7 12. Nb3 Bb6 13. Be3 O-O 14. Nbc5 Bxc5 15. Nxc5 Rfd8 16. Rhd1 Nb6 17. Rxd8+ Rxd8 18. axb5 cxb5 19. Rxa7 Ng6 20. Nb7 Rd7 21. Bxb6 Nf4+ 22. Kf3 g5 23. Nd8 Rd6 24. Bc7 Rd7 25. Ra8 Kg7 26. Bxe5+ 1-0


[Site "https://www.chess.com"]

[Event "Titled Tuesday Blitz November 08 Early 2022"]
[White "Kozak, Antoni"]
[Black "Bok, Benjamin"]
[WhiteFideId "21832030"]
[BlackFideId "1017063"]
[WhiteElo "2717"]
[BlackElo "2946"]
[Result "1/2-1/2"]
[Round "07"]
[TimeControl "180+1"]
[Date "2022.11.09"]
[WhiteClock "0:00:07"]
[BlackClock "0:00:01"]

1. Nf3 d5 2. e3 Nf6 3. c4 e6 4. b3 c5 5. Bb2 Nc6 6. cxd5 exd5 7. Be2 d4 8. exd4 cxd4 9. Bb5 Bc5 10. Qe2+ Qe7 11. Bxd4 Qxe2+ 12. Kxe2 Be7 13. Be3 O-O 14. Nc3 Nb4 15. Kf1 Rd8 16. h3 a6 17. Be2 Bd7 18. Ne5 Be6 19. Bf3 Nfd5 20. Nxd5 Nxd5 21. Rc1 Ba3 22. Re1 Rac8 23. g4 b5 24. Kg2 f6 25. Nd3 Nxe3+ 26. Rxe3 Bf7 27. Bb7 Rc2 28. Bxa6 Rxd2 29. Bxb5 Bd5+ 30. Kh2 Bd6+ 31. Kg1 Bxh1 32. Kxh1 Rxa2 33. Kg2 Kf8 34. Bc4 Rd2 35. Kf3 Re8 36. Rxe8+ Kxe8 37. h4 g6 38. Bb5+ Ke7 39. Bc4 Rc2 40. Ke3 f5 41. gxf5 gxf5 42. Kf3 Kf6 43. Ba6 Ra2 44. Bc4 h6 45. Ne1 Bc5 46. Nd3 Bd4 47. Kg3 Rd2 48. Kf3 Rc2 49. Kg3 Rd2 50. Kf3 Rd1 51. Kg2 Bb6 52. Nf4 Bd8 53. Nd5+ Ke5 54. Nb4 Bxh4 55. Kh3 Be7 56. Nd3+ Kf6 57. Nf4 Rd2 58. Nd5+ Kf7 59. Ne3+ Kg6 60. Kg3 Bd6+ 61. Kf3 Bc5 62. Nd5 Rxf2+ 63. Kg3 Kg5 64. Nc7 f4+ 65. Kh3 Rf3+ 66. Kg2 Rg3+ 67. Kf1 Rg1+ 68. Ke2 Kg4 69. Be6+ Kg3 70. Bd5 Be3 71. Ne6 Rc1 72. Ng7 Rc2+ 73. Kd3 Rd2+ 74. Ke4 Rxd5 75. Kxd5 f3 76. Ke4 Ba7 77. Nf5+ Kg4 78. Nxh6+ Kg3 79. Nf5+ Kg4 80. Nh6+ Kg3 81. Nf5+ Kg4 82. Nh6+ 1/2-1/2


[Site "https://www.chess.com"]

[Event "Titled Tuesday Blitz November 08 Early 2022"]
[White "Krysa, Leandro"]
[Black "Chigaev, Maksim"]
[WhiteFideId "116807"]
[BlackFideId "4108116"]
[WhiteElo "2485"]
[BlackElo "2541"]
[Result "0-1"]
[Round "07"]
[TimeControl "180+1"]
[Date "2022.11.09"]
[WhiteClock "0:00:12"]
[BlackClock "0:00:11"]

1. e4 c5 2. Nf3 e6 3. d4 cxd4 4. Nxd4 Nf6 5. Nc3 Nc6 6. a3 Be7 7. Be2 Qc7 8. Be3 a6 9. f4 d6 10. O-O O-O 11. Qe1 Nxd4 12. Bxd4 b5 13. Qg3 Bb7 14. Rae1 Bc6 15. Bd3 Rac8 16. Kh1 e5 17. fxe5 Nh5 18. Qh3 dxe5 19. Be3 g6 20. Bh6 Ng7 21. Rf3 Qd8 22. Ref1 Bg5 23. Ne2 f5 24. Bxg7 Kxg7 25. exf5 Bxf3 26. Qxf3 gxf5 27. Bxf5 Rc7 28. Ng3 Kh8 29. Qg4 Bf4 30. Ne4 Qe7 31. c3 Qg7 32. Qxg7+ Kxg7 33. g3 Rxf5 34. gxf4 Rxf4 35. Re1 Rd7 36. Re2 h6 37. Kg2 Kg6 38. Nc5 Rd5 39. Nxa6 e4 40. Nb4 Rg5+ 41. Kh3 Kh5 0-1


[Site "https://www.chess.com"]